[Event "FIDE U16 Olympiad_boards_81-124"]
[Site "Eindhoven, Netherlands"]
[Date "2023.08.14"]
[Round "3.1"]
[White "Bourg, Nicolas"]
[Black "Elias, David"]
[Result "1/2-1/2"]
[TimeControl "45min+10sec"]
[WhiteElo "1896"]
[BlackElo "1884"]

1. e4 c5 2. Nf3 Nc6 3. d4 cxd4 4. Nxd4 g6 5. c4 Bg7 6. Nxc6 bxc6 7. Nc3 Rb8 8. Qc2 Nf6 9. Bf4 d6 10.
Be2 Qa5 11. O-O O-O 12. a3 e5 13. b4 Qc7 14. Bg3 a5 15. Rab1 axb4 16. axb4 d5 17. Rb2 Nxe4 18. cxd5 cxd5 19.
Nxd5 Qxc2 20. Rxc2 Be6 21. Ne7+ Kh8 22. Nc6 Nxg3 23. hxg3 Rb6 24. Ra1 Rc8 25. Ra6 Rb7 26. Rd2 e4 27.
Rd8+ Rxd8 28. Nxd8 Rb8 29. Nxe6 fxe6 30. Rxe6 Bd4 31. b5 Rf8 32. Rxe4 Bxf2+ 33. Kh2 Kg7 34. Rf4 Be3 35. Re4 Bf2 36.
Bc4 Rf6 37. Re7+ Kh8 38. g4 h6 39. Kh3 Bb6 40. Bd3 Kg8 41. g5 hxg5 42. Kg4 Kf8 43. Re5 Bd8 44. g3 Rd6 45. Be4 Kf7 46.
Bd5+ Kf6 47. Rxg5 Ba5 48. Be4 Rd4 49. Rxg6+ Ke5 50. Kf3 Rxe4 51. Re6+ Kxe6 52. Kxe4 1/2-1/2

[Event "FIDE U16 Olympiad_boards_81-124"]
[Site "Eindhoven, Netherlands"]
[Date "2023.08.14"]
[Round "3.2"]
[White "Skreko, Igor"]
[Black "Zaccaria, Noa"]
[Result "1-0"]
[TimeControl "45min+10sec"]
[WhiteElo "1985"]
[BlackElo "1496"]

1. d4 d5 2. c4 c6 3.
Nf3 Nf6 4. e3 Bf5 5. Nc3 e6 6. Nh4 Bg6 7. Nxg6 hxg6 8.
Bd2 Nbd7 9. Qb3 Qc7 10. g3 Be7 11. Bg2 O-O 12. O-O a6 13. f3 Rad8 14. Rad1 Rfe8 15. Bc1 dxc4 16. Qxc4 b5 17.
Qe2 c5 18. d5 exd5 19. Nxd5 Nxd5 20. Rxd5 Nb6 21. Rxd8 Rxd8 22. e4 g5 23. f4 gxf4 24. gxf4 c4 25. Kh1 Nd7 26. Rg1 Bc5 27. Be3 Bxe3 28. Qxe3 Nf8 29.
e5 Rd3 30. Qe1 Qd8 31. f5 Qd4 32. e6 fxe6 33. fxe6 Re3 34. e7 Qe5 35. exf8=Q+ Kxf8 36. Rf1+ Kg8 37. Qd1 Rd3 38. Qg4 Rd2 39.
Qh4 Qxb2 40. Be4 g6 41. Bxg6 Rd7 42. Qg4 Qg7 43. Qe6+ Kh8 44. Qe8+ Qg8 45. Qxd7 1-0

[Event "FIDE U16 Olympiad_boards_81-124"]
[Site "Eindhoven, Netherlands"]
[Date "2023.08.14"]
[Round "3.3"]
[White "Ortiz Bogdanov, Pablo"]
[Black "Rakovsky, Jakub"]
[Result "0-1"]
[TimeControl "45min+10sec"]
[WhiteElo "1484"]
[BlackElo "1860"]

1. e4 c5 2. Nf3 Nc6 3. Bb5 g6 4.
O-O Bg7 5. Re1 a6 6. Bf1 e6 7. c3 d5 8. e5 d4 9. d3 Nge7 10. Bg5 h6 11. Bxe7 Qxe7 12. Nbd2 g5 13. h3 h5 14.
cxd4 g4 15. hxg4 hxg4 16. dxc5 gxf3 17. Nxf3 Qxc5 18. d4 Qf8 19. Bc4 Bd7 20. d5 exd5 21. Qxd5 Be6 22. Qe4 Bxc4 23. Qxc4 O-O-O 24. Ng5 Rd4 25. Qc2 Rdh4 26.
Qf5+ Kb8 27. f4 Qc5+ 28. Kf1 Rh1+ 29. Ke2 Nd4+ 0-1

[Event "FIDE U16 Olympiad_boards_81-124"]
[Site "Eindhoven, Netherlands"]
[Date "2023.08.14"]
[Round "3.4"]
[White "Tomcaniova, Lucia"]
[Black "Reding, Sevda"]
[Result "1-0"]
[TimeControl "45min+10sec"]
[WhiteElo "1668"]
[BlackElo "1237"]

1. e4 c5 2. c3 d5 3. exd5 Qxd5 4. Nf3 Bg4 5. Be2 e6 6. Na3 a6 7. Qa4+ b5 8. Qxg4 Nf6 9. Qg5 Qc6 10.
d4 c4 11. Ne5 Qc8 12. Bf3 h6 13. Qe3 Ra7 14. Qe2 Be7 15. Be3 Rc7 16. Bf4 Ra7 17. h4 Nfd7 18. Nc2 Nxe5 19. Bxe5 f6 20.
Bh5+ Kf8 21. Bg3 Nc6 22. Bf3 Kf7 23. d5 exd5 24. Bxd5+ Kf8 25. Qf3 Nd8 26. Nd4 b4 27. h5 Bc5 28.
Nf5 Nf7 29. Nh4 Qe8+ 30. Qe2 1-0

[Event "FIDE U16 Olympiad_boards_81-124"]
[Site "Eindhoven, Netherlands"]
[Date "2023.08.14"]
[Round "3.5"]
[White "Fu, Yihe"]
[Black "Altynbekuly, Madiyar"]
[Result "1/2-1/2"]
[TimeControl "45min+10sec"]
[WhiteElo "2097"]
[BlackElo "1750"]

1. e4 c5 2. Nf3 d6 3. d4 cxd4 4. Nxd4 Nf6 5. Nc3 Nc6 6. Bc4 Qb6 7. Nb3 e6 8. Be3 Qc7 9. O-O Be7 10. f4 a6 11. Qf3 b5 12. Be2 Bb7 13. a3 Rc8 14.
Qg3 O-O 15. Bd3 Kh8 16. Qh3 b4 17. Ne2 e5 18. Ng3 bxa3 19. bxa3 exf4 20. Bxf4 Ne5 21. Nf5 Bxe4 22. Bxe4 Nxe4 23.
Bxe5 dxe5 24. Qg4 Ng5 25. Rad1 Bf6 26. Rf2 Qc4 27. Qh5 Rcd8 28. Rdf1 Ne6 29. Ne3 Qc3 30. Ng4 g6 31. Qh3 Qxh3 32.
gxh3 Bh4 33. Rxf7 Rxf7 34. Rxf7 Nf4 35. Ne3 Rc8 36. c4 Bg5 37. Ng4 Nxh3+ 38. Kf1 Rxc4 39. Nxe5 Rc3 40. Nd4 Rxa3 41. Ne6 Bh6 42. Ng4 Ng5 43. Nxh6 Nxe6 44. Re7 Rh3 45.
Ng4 Nf4 46. Kg1 Kg8 47. Ra7 Rh4 48.
Nf6+ Kf8 49. Nxh7+ Ke8 50. Nf6+ Kd8 51. Rxa6 Ke7 52. Ne4 Ne2+ 53.
Kf2 Rxe4 54. Rxg6 Rh4 55. Kxe2 Rxh2+ 1/2-1/2

[Event "FIDE U16 Olympiad_boards_81-124"]
[Site "Eindhoven, Netherlands"]
[Date "2023.08.14"]
[Round "3.6"]
[White "Savitskiy, Vladimir"]
[Black "Teh, Rui Gen"]
[Result "1-0"]
[TimeControl "45min+10sec"]
[WhiteElo "1513"]
[BlackElo "1724"]

1. d4 Nf6 2. Nc3 d5 3. Bf4 c5 4. e4 Nxe4 5. Nxe4 dxe4 6. dxc5 Qa5+ 7. c3 Qxc5 8. Qa4+ Nc6 9. Qxe4 g6 10. Nf3 Bg7 11. Qe3 Qxe3+ 12. Bxe3 O-O 13. Be2 Be6 14. O-O Rfd8 15. Rfd1 Bf6 16. Nd2 Bd5 17. Nb3 b6 18. Ba6 Ne5 19. h3 Bc4 20. Bb7 Rab8 21.
Be4 Bd3 22. Bxd3 Rxd3 23. Bd4 Rxd1+ 24. Rxd1 Rd8 25. Nd2 Nd3 26. Bxf6 Nxb2 27. Bxe7 Rd7 28. Re1 Rxd2 29. Bf6 Rd1 30. Rxd1 Nxd1 31. c4 Kf8 32. Kf1 Ke8 33. Ke1 Nxf2 34. Kxf2 Kd7 35. Ke3 Ke6 36. Bd4 g5 37. g4 f5 38. a4 fxg4 39. hxg4 Ke7 40. Ke4 Ke6 41. Be5 Kd7 42. Kf5 Kc6 43.
Bd4 a6 44. Kxg5 b5 45. cxb5+ axb5 46. axb5+ Kxb5 47. Kh6 Kc4 48. Bf6 Kd5 49. Kxh7 1-0

[Event "FIDE U16 Olympiad_boards_81-124"]
[Site "Eindhoven, Netherlands"]
[Date "2023.08.14"]
[Round "3.7"]
[White "Hu, Yifei"]
[Black "Momyn, Madina"]
[Result "0-1"]
[TimeControl "45min+10sec"]
[WhiteElo "1825"]
[BlackElo "1469"]

1. d4 d5 2. c4 e5 3. dxe5 d4 4. Nf3 Nc6 5. a3 Nge7 6. e3 Bg4 7. Be2 dxe3 8. Qxd8+ Rxd8 9. Bxe3 Ng6 10.
Nc3 a6 11. Nd5 Kd7 12. Rd1 Kc8 13. Ng5 Bxe2 14. Kxe2 Ngxe5 15. f4 h6 16. fxe5 hxg5 17. Bxg5 Re8 18. Kd3 Nxe5+ 19. Kc3 f6 20. Bf4 c6 21. Ne3 Ng6 22.
Nd5 cxd5 23. Bg3 dxc4 24. Kxc4 Ne5+ 25. Kb3 Kb8 26. Rhe1 Bc5 27. Rd5 Bb6 28. Rd2 Ka7 29. Rde2 Re7 30.
h3 Rhe8 31. Bf2 Bxf2 32. Rxf2 Nd3 33. Rxe7 Rxe7 34. Rf3 Ne5 35. Rg3 Rd7 36. Kc3 Kb6 37. h4 Kc6 38. Rh3 a5 39. a4 b5 40. axb5+ Kxb5 41. h5 Ng4 42.
Rg3 f5 43. Rf3 Rd5 44. Rf1 Rc5+ 45. Kb3 Re5 46. Ka2 Ne3 47. Rf2 Nd5 48. Rf3 f4 49. g3 Nb4+ 0-1

[Event "FIDE U16 Olympiad_boards_81-124"]
[Site "Eindhoven, Netherlands"]
[Date "2023.08.14"]
[Round "3.8"]
[White "Kazhiakhmetova, Yerkenaz"]
[Black "Cheng, Chao Xin"]
[Result "1/2-1/2"]
[TimeControl "45min+10sec"]
[WhiteElo "1379"]
[BlackElo "1748"]

1. d4 d5 2. Nf3 Nf6 3. g3 e6 4. Bg2 Be7 5. O-O O-O 6. c4 c6 7. Nc3 dxc4 8. Ne5 Nbd7 9. Nxc4 Nb6 10.
Ne5 Nbd5 11. e4 Nb6 12. Be3 h6 13. Qe2 Nh7 14. Rfd1 Bf6 15. Nc4 Nxc4 16. Qxc4 Qc7 17. e5 Bd8 18.
Rac1 Qe7 19. Ne4 Bc7 20. b4 Bd7 21. Nc5 Bc8 22. a4 Bb6 23. Ne4 f5 24. Nc5 Rb8 25. f4 Bd7 26. a5 Bxc5 27.
dxc5 Rfd8 28. Rd6 Nf8 29. Rcd1 Be8 30. Rxd8 Rxd8 31. Rxd8 Qxd8 32. Qd4 Qxd4 33. Bxd4 a6 34. Kf2 Kf7 35.
Ke3 Ke7 36. Bf3 Kf7 37. Bg2 g5 38. Bc3 Kg6 39. Bf3 gxf4+ 40. gxf4 Kg7 41. Be1 Bd7 42. Bh5 Kh7 43. Bh4 Ng6 44.
Bxg6+ Kxg6 45. Be1 Kh5 46. Kf3 Be8 47. Kg3 Kg6 48. Kh4 Kh7 49. Bf2 Kg7 50. Be1 Kh7 51. Kg3 1/2-1/2

[Event "FIDE U16 Olympiad_boards_81-124"]
[Site "Eindhoven, Netherlands"]
[Date "2023.08.14"]
[Round "3.9"]
[White "Hashimoto, Shunji"]
[Black "Bogdanov, Artyom"]
[Result "0-1"]
[TimeControl "45min+10sec"]
[WhiteElo "1789"]
[BlackElo "1852"]

1. d4 Nf6 2. Nf3 e6 3. Bf4 c5 4. e3 Nc6 5. c3 Be7 6. h3 b6 7. Nbd2 cxd4 8. exd4 Bb7 9. Bd3 d6 10. Qe2 O-O 11. O-O Re8 12.
Nc4 h6 13. Rfe1 Bf8 14. Qd2 Rc8 15. a4 a6 16. Qd1 Rb8 17. Qc2 Qc7 18. Ncd2 Rbc8 19. Rac1 Qd8 20. Qb1 Qd7 21. Ne4 Nxe4 22.
Bxe4 Na5 23. Bxb7 Qxb7 24. Nd2 Qd5 25. Qd3 b5 26. axb5 axb5 27. Rb1 Nc4 28. b3 Nxd2 29. Qxd2 Rc6 30.
Rec1 Rec8 31. Qe3 Qf5 32. Ra1 Qd5 33. Rab1 Ra6 34. Qd3 Rac6 35. Qe3 Kh7 36. Qd3+ g6 37. Qd2 Bg7 38. Be3 Qe4 39.
Ra1 d5 40. Ra5 b4 41. Rc5 Rxc5 42. dxc5 bxc3 43. Qe2 d4 44. Qc4 Qe5 45. b4 dxe3 0-1

[Event "FIDE U16 Olympiad_boards_81-124"]
[Site "Eindhoven, Netherlands"]
[Date "2023.08.14"]
[Round "3.10"]
[White "Smirnov, Mark"]
[Black "Muto, Yuhiro"]
[Result "1-0"]
[TimeControl "45min+10sec"]
[WhiteElo "1936"]
[BlackElo "1626"]

1. e4 e5 2. Nc3 Nf6 3. g3 d5 4. exd5 Nxd5 5. Bg2 Nxc3 6. bxc3 Bc5 7. Nf3 Nc6 8. O-O O-O 9. d3 h6 10.
Re1 Re8 11. Rb1 Bb6 12. Nd2 Be6 13. a4 Ba2 14. Rb2 Bd5 15. Bxd5 Qxd5 16. Qg4 Re6 17. Rb5 Qd8 18. Nc4 f5 19.
Qh5 a6 20. Rb1 Qf6 21. Nxb6 cxb6 22. Rxb6 e4 23. Bb2 exd3 24. Rxe6 Qxe6 25. cxd3 Re8 26. Rxb7 Qe1+ 27. Kg2 Ne5 28.
Qxe8+ Kh7 29. c4 Qe2 30. Bxe5 Qxd3 31. Rxg7# 1-0

[Event "FIDE U16 Olympiad_boards_81-124"]
[Site "Eindhoven, Netherlands"]
[Date "2023.08.14"]
[Round "3.11"]
[White "Tatsumi, Kai"]
[Black "Kuandykuly, Danis"]
[Result "0-1"]
[TimeControl "45min+10sec"]
[WhiteElo "1154"]
[BlackElo "1738"]

1. e4 c5 2. Nf3 a6 3. d4 cxd4 4. Nxd4 Nf6 5. f3 e5 6. Ne2 Bc5 7. Nbc3 Qb6 8. Qd3 Bf2+ 9. Kd1 h6 10.
b3 O-O 11. Bb2 Nc6 12. Nd5 Qd8 13. Nec3 d6 14. Be2 Be6 15. Rf1 Bd4 16. Nxf6+ Qxf6 17. Na4 Bxb2 18. Nxb2 d5 19. g3 Rac8 20.
Ke1 Nb4 21. Qd2 Nxc2+ 22. Kf2 dxe4 23. Kg2 e3 24. Qa5 Nxa1 25. Rxa1 Rc2 26. Kf1 Bh3+ 27. Ke1 Rxb2 28. Qc3 e4 29.
Qc4 Rxe2+ 30. Kxe2 Qxf3+ 31. Ke1 Qf2+ 32. Kd1 Qd2# 0-1

[Event "FIDE U16 Olympiad_boards_81-124"]
[Site "Eindhoven, Netherlands"]
[Date "2023.08.14"]
[Round "3.12"]
[White "Kholyavko, Mariya"]
[Black "Yamada, Misaki"]
[Result "1-0"]
[TimeControl "45min+10sec"]
[WhiteElo "1757"]
[BlackElo "1462"]

1. e4 c5 2. Nf3 d6 3. d4 cxd4 4. Nxd4 Nf6 5. Nc3 a6 6. Bg5 Nbd7 7. f4 Qc7 8. Qe2 e6 9. O-O-O Be7 10.
g4 h6 11. Bxf6 Bxf6 12. Bg2 Rb8 13. h4 b5 14. g5 Bxd4 15. Rxd4 h5 16. Re1 Bb7 17. Red1 Rd8 18. Rxd6 g6 19.
e5 Bxg2 20. Qxg2 O-O 21. Qd2 Nb6 22. Rxd8 Rxd8 23. Qxd8+ Qxd8 24. Rxd8+ Kg7 25. Ne4 Nc4 26. Nf6 Ne3 27. Rg8# 1-0

[Event "FIDE U16 Olympiad_boards_81-124"]
[Site "Eindhoven, Netherlands"]
[Date "2023.08.14"]
[Round "3.13"]
[White "Antoniou, Rafail"]
[Black "Sinton, Luc"]
[Result "1-0"]
[TimeControl "45min+10sec"]
[WhiteElo "1874"]
[BlackElo "1093"]

1. Nf3 c6 2. c4 d5 3. e3 Bf5 4. cxd5 cxd5 5. Nc3 e6 6. Qb3 Qb6 7. Qxb6 axb6 8. Bb5+ Nc6 9. O-O Bd6 10.
b3 Nf6 11. Nd4 Rc8 12. Nxf5 exf5 13. Bb2 O-O 14. Na4 Nd7 15. Rac1 Na7 16. Bxd7 Rxc1 17. Rxc1 b5 18. Nc3 f4 19.
Nxd5 fxe3 20. fxe3 Rd8 21. Bg4 Bxh2+ 22. Kxh2 Rxd5 23. Bd4 Nc6 24. Bf3 Rd6 25. Bxc6 bxc6 26. a4 bxa4 27. bxa4 f6 28.
a5 Rd8 29. a6 c5 30. Rxc5 1-0

[Event "FIDE U16 Olympiad_boards_81-124"]
[Site "Eindhoven, Netherlands"]
[Date "2023.08.14"]
[Round "3.17"]
[White "Huang, Zi-Chen"]
[Black "Kurt, Sascha"]
[Result "0-1"]
[TimeControl "45min+10sec"]
[WhiteElo "1492"]
[BlackElo "1800"]

1. e4 d5 2. exd5 Nf6 3. d4 Bg4 4. Bb5+ Nbd7 5. Be2 Bxe2 6.
Qxe2 Nxd5 7. c4 N5f6 8. Nf3 g6 9. O-O c6 10. Nc3 Qc7 11. Re1 O-O-O 12. a3 e6 13. b4 Bg7 14. Ne5 Nxe5 15.
dxe5 Nd7 16. Bf4 Nb6 17. Qe4 Rd7 18. Rad1 Rhd8 19. Kf1 Rxd1 20. Rxd1 Rxd1+ 21. Nxd1 Nd7 22. Qd4 b6 23. Qe4 Bxe5 24.
Bxe5 Nxe5 25. f4 Nd7 26. Ne3 Qd6 27. Ke2 Nf6 28. Qf3 Kc7 29. g4 Qd4 30. f5 gxf5 31. gxf5 e5 32. Qg3 Ne4 33.
Qg8 Nc3+ 34. Kf3 Qf4+ 35. Kg2 Qe4+ 36. Kf2 Qh4+ 37. Kg2 Qf6 38. Qxh7 Qg5+ 39. Kf2 Ne4+ 40. Kf3 Qf4+ 41. Ke2 Qf2+ 42.
Kd3 Nd6 43. c5 bxc5 44. bxc5 e4+ 45. Kc3 Qxe3+ 46. Kb4 Qd4+ 47. Kb3 Qxc5 0-1

[Event "FIDE U16 Olympiad_boards_81-124"]
[Site "Eindhoven, Netherlands"]
[Date "2023.08.14"]
[Round "3.18"]
[White "Grooten, Tommy"]
[Black "Lai, Hong-Yi"]
[Result "1/2-1/2"]
[TimeControl "45min+10sec"]
[WhiteElo "1908"]
[BlackElo "1469"]

1. c4 Nf6 2. Nc3 e6 3. d4 d5 4.
Nf3 c5 5. Bg5 cxd4 6. Nxd4 Be7 7. g3 O-O 8. Bg2 e5 9. Nf3 d4 10. Bxf6 Bxf6 11. Ne4 Nc6 12. h3 Be7 13. g4 f5 14.
gxf5 Bxf5 15. Nfd2 d3 16. O-O Qd7 17. exd3 Bxh3 18. Qh5 Bg4 19. Qh2 Nd4 20. Rfe1 Ne2+ 21. Rxe2 Bxe2 22. Re1 Bxd3 23.
Re3 Rf4 24. Qh5 Bxe4 25. Bxe4 Qg4+ 26. Qxg4 Rxg4+ 27. Kf1 Bg5 28. Bd5+ Kf8 29. Rf3+ Rf4 30. Rb3 Rb8 31. Ne4 Be7 32.
Nc3 b6 33. Nb5 Bc5 34. f3 h5 35. Nc7 Re8 36. Nxe8 Kxe8 37. Kg2 Ke7 38. Rd3 Bd4 39. Rd2 g5 40. Re2 Kf6 41. b4 h4 42.
Re4 Rxe4 43. Bxe4 Ke7 44. Kh3 Kf6 45. Kg4 1/2-1/2

[Event "FIDE U16 Olympiad_boards_81-124"]
[Site "Eindhoven, Netherlands"]
[Date "2023.08.14"]
[Round "3.19"]
[White "Sun, Chang-Jyu"]
[Black "Feng, Elysia"]
[Result "0-1"]
[TimeControl "45min+10sec"]
[WhiteElo "1238"]
[BlackElo "1635"]

1. e4 e5 2. Nc3 Bc5 3. f4 d6 4. Nf3 Nc6 5. Bb5 Bd7 6.
Bxc6 Bxc6 7. fxe5 dxe5 8. Nxe5 Qd4 9. Nd3 Bb6 10. Qe2 O-O-O 11. Nf2 f5 12. d3 fxe4 13. Nfxe4 Nf6 14. Rf1 Rhe8 15.
Rf4 g5 16. Rxf6 Bxe4 17. Nxe4 Rxe4 18. dxe4 Qxf6 19. e5 Qf5 20. g4 Qg6 21. Be3 Bxe3 22. Qxe3 Qxc2 23. Qe2 Qc5 24. Kf1 Rf8+ 25.
Kg2 Rf4 26. Re1 Qd5+ 27. Kg3 Qe6 28. Qd3 Qxg4# 0-1

[Event "FIDE U16 Olympiad_boards_81-124"]
[Site "Eindhoven, Netherlands"]
[Date "2023.08.14"]
[Round "3.20"]
[White "Leenen, Boyd"]
[Black "Tsai, Sophie Yi-Hsuan"]
[Result "1-0"]
[TimeControl "45min+10sec"]
[WhiteElo "2008"]
[BlackElo "1155"]

1. d4 Nf6 2. c4 e6 3. Nf3 b6 4.
Nc3 Bb4 5. e3 O-O 6. Be2 Bxc3+ 7. bxc3 c5 8. O-O d6 9. Bb2 Bb7 10. Re1 Nbd7 11. Rc1 Re8 12. Bd3 e5 13. Bb1 Ba6 14. Qa4 Bb7 15. Nd2 Ng4 16.
h3 Nh6 17. Ne4 Nf6 18. Ng3 Qc7 19. Qc2 e4 20. Red1 a5 21. Ba1 a4 22. a3 Ra5 23. Ba2 Ba6 24. Rb1 d5 25. Qb2 Bxc4 26.
Bxc4 dxc4 27. Qxb6 Qxb6 28. Rxb6 cxd4 29. cxd4 Nd5 30. Rb7 f5 31. Rc1 Rc8 32. Bc3 Raa8 33. Rb5 Nc7 34. Rc5 g6 35.
Rxc4 Nd5 36. Be1 Nb6 37. Rc6 Rxc6 38. Rxc6 Rb8 39. Bb4 Nf7 40. Ne2 Nd5 41. Rc4 Nxb4 42. Rxb4 Rxb4 43. axb4 a3 44.
Nc3 Nd6 45. Kf1 Nb5 46. Na2 Kf7 47.
Ke2 Ke6 48. Kd2 Kd5 49. Nc3+ Kc4 50. Na2 Na7 51. Kc2 Nb5 52. d5 Nd6 1-0

[Event "FIDE U16 Olympiad_boards_81-124"]
[Site "Eindhoven, Netherlands"]
[Date "2023.08.14"]
[Round "3.21"]
[White "Wangthumboon, Patawee"]
[Black "Mwase, Arthur"]
[Result "1-0"]
[TimeControl "45min+10sec"]
[WhiteElo "1452"]
[BlackElo "1504"]

1. e4 c6 2. d4 d5 3. exd5 cxd5 4. Bd3 Nc6 5. c3 Nf6 6. Bf4 g6 7. Nf3 Bg7 8. O-O O-O 9. Re1 Re8 10.
h3 Bd7 11. Nbd2 Qc8 12. Bh2 Bf5 13. Qc2 Bxd3 14. Qxd3 e6 15. Rad1 a5 16. a4 Nd7 17. Qb5 b6 18. Nb1 Na7 19.
Qb3 Qa6 20. Na3 Bf8 21. Ne5 Nxe5 22. Bxe5 Rac8 23. Ra1 Bxa3 24. Rxa3 Nc6 25. Bf6 Qc4 26. Qd1 Nb8 27. Bh4 Nd7 28.
Bg3 Qc6 29. Qd2 Kg7 30. Rb1 e5 31. dxe5 Nxe5 32. Qd4 f6 33. Rd1 Nc4 34. Ra2 Rcd8 35. b3 Re4 36. Qxe4 dxe4 37. Rxd8 e3 38.
bxc4 Qxc4 39. Ra1 Qxc3 40. Rdd1 e2 41. Rdc1 Qd3 42. Rcb1 g5 43. f3 h5 44. Bf2 f5 45. Bxb6 g4 46. fxg4 hxg4 47. hxg4 fxg4 48. Kf2 g3+ 49. Ke1 Qe4 50.
Bxa5 Qxg2 51. Bb6 Qf1+ 52. Kd2 g2 53. Bg1 Qf3 54. a5 Qf4+ 55. Kxe2 Qe4+ 56. Kf2 Qd4+ 57. Kxg2 Qd2+ 58. Kf3 Qd3+ 59.
Kf4 Qc4+ 60. Ke5 Qc7+ 61. Kd5 Qd7+ 62. Ke4 Qc6+ 63. Kd3 Qd5+ 64. Bd4+ Kf8 65. a6 Qf3+ 66. Kc4 Qe2+ 67. Kc5 Qc2+ 68.
Kb5 Qd3+ 69. Kc5 Qc2+ 70. Kd5 Qf5+ 71. Be5 Qd3+ 72. Kc6 Qe4+ 73. Kd6 Qd3+ 74. Kc7 Qc4+ 75. Kb8 Qd5 76. Bc7 Qe6 77.
Ka7 Qe3+ 78. Rb6 Qc3 79. Rf1+ Ke8 80. Rb7 Qc5+ 81. Bb6 Qc4 82. Rd1 Qh4 83. Rd8+ Qxd8 84. Bxd8 Kxd8 85. Kb8 1-0

[Event "FIDE U16 Olympiad_boards_81-124"]
[Site "Eindhoven, Netherlands"]
[Date "2023.08.14"]
[Round "3.22"]
[White "Pido, Edwin"]
[Black "Saipetch, Kai"]
[Result "1/2-1/2"]
[TimeControl "45min+10sec"]
[WhiteElo "1482"]
[BlackElo "1270"]

1. d4 d5 2. c4 e6 3. Nc3 Nf6 4. Nf3 c6 5. e3 Bd6 6. Be2 O-O 7. O-O Nbd7 8. b3 b6 9. Bb2 Bb7 10.
Rc1 Re8 11. Qc2 Qc7 12. h3 Rac8 13. Rfd1 h6 14. cxd5 exd5 15. Qf5 Qd8 16. Qb1 Nf8 17. Nh4 Ne6 18. Nf5 Bb8 19. Ba3 Ng5 20.
Re1 Nfe4 21. Bg4 Qc7 22. f4 Nxc3 23. Rxc3 Ne4 24. Rcc1 Rcd8 25. Bf3 Bc8 26. Bxe4 Rxe4 27. Ng3 Re6 28.
Rc3 Rde8 29. Kf2 g5 30. Ne2 Rf6 31. Kg1 Ba6 32. Qc2 Bxe2 33. Rxe2 gxf4 34. exf4 Rxe2 35. Rg3+ Rg6 36. Rxg6+ fxg6 37.
Qxe2 Qxf4 38. Qe6+ Kg7 39. Qd7+ Kg8 40. Qc8+ Kg7 41. Qd7+ Kg8 42. Qe8+ Kg7 43. Qe7+ Kg8 44. Qe8+ 1/2-1/2

[Event "FIDE U16 Olympiad_boards_81-124"]
[Site "Eindhoven, Netherlands"]
[Date "2023.08.14"]
[Round "3.23"]
[White "Jiroajvanichakorn, Rathasart"]
[Black "Ajiri, Nygaard"]
[Result "0-1"]
[TimeControl "45min+10sec"]
[WhiteElo "1344"]
[BlackElo "1591"]

1. e4 e5 2. Nf3 Nc6 3. Bb5 Nf6 4. O-O Bc5 5. c3 a6 6. Bxc6 dxc6 7. d4 exd4 8. cxd4 Bb4 9. a3 Ba5 10.
b4 Bb6 11. e5 Nd5 12. Bg5 Qd7 13. Qd2 Qg4 14. h3 Qh5 15. Qd3 h6 16. Bd2 Bf5 17. Qe2 Be6 18. Nc3 O-O-O 19. Ne4 g5 20.
Ng3 Qg6 21. Qe4 f5 22. exf6 Qxf6 23. Ne5 h5 24. Nf3 Nf4 25. Bxf4 gxf4 26. Ne2 Rdf8 27. Nxf4 Bc4 28. Rfc1 Bg8 29.
g3 Bd5 30. Qd3 Bxf3 31. Qxf3 Bxd4 32. Ra2 h4 33. Kg2 Rhg8 34. Kh1 Bxf2 35. Rxf2 hxg3 36. Re2 Qh4 37. Re4 Rxf4 38. Rxf4 Qxh3+ 39. Kg1 Qh2+ 40. Kf1 g2+ 0-1

[Event "FIDE U16 Olympiad_boards_81-124"]
[Site "Eindhoven, Netherlands"]
[Date "2023.08.14"]
[Round "3.24"]
[White "Nabirye, Caroline"]
[Black "Bootsumran, Sirin"]
[Result "0-1"]
[TimeControl "45min+10sec"]
[WhiteElo "1287"]
[BlackElo "1265"]

1. e4 c5 2. Bc4 e6 3. Nf3 d5 4. exd5 exd5 5. Be2 Nf6 6. d4 Be6 7. Nc3 Nc6 8. Be3 c4 9. O-O Bd6 10.
h3 O-O 11. Nh2 Bxh2+ 12. Kxh2 Qd6+ 13. Kg1 Qb4 14. Rb1 Bf5 15. a3 Qe7 16. Bg5 Rad8 17. Bf3 Be6 18. Re1 h6 19. Bh4 Qd7 20.
Bxf6 gxf6 21. Ne2 Kh7 22. Ng3 Rg8 23. Qd2 Qd6 24. c3 Rg6 25. Bh5 Rg7 26. Qe3 Rdg8 27. Bg4 Bxg4 28. hxg4 Rxg4 29.
Nf5 Rxg2+ 30. Kf1 Qh2 31. Ke2 Qh5+ 32. Qf3 Qxf3+ 33. Kxf3 R2g5 34. Ne3 h5 35. Rh1 Kg7 36. Rbe1 Nd8 37.
Rhg1 Kf8 38. Rh1 Ne6 39.
Rh4 Ke7 40. Reh1 Rh8 41. R1h2 Nf8 42. Rg2 Ng6 43. Rhh2 Ke6 44. Nc2 h4 45. Ne3 h3 46. Rxg5 fxg5 47. Kg4 Ne7 48. Kxg5 f5 49. Kf4 Ng6+ 50. Kg3 f4+ 51.
Kf3 fxe3 52. fxe3 Kf5 53. a4 Nh4+ 54. Kg3 Ke4 55. Rxh3 Nf5+ 56. Kg4 Rxh3 57. Kxh3 Nxe3 58. Kg3 Nd1 59. Kf2 Nxb2 60. a5 Nd1+ 61.
Ke2 Nxc3+ 62. Kd2 Nb5 63.
Kc2 Kxd4 64. Kd2 c3+ 65. Kc2 Na3+ 66. Kc1 Kd3 67. Kd1 Nc2 68.
Kc1 Nd4 69. a6 Ne2+ 70. Kb1 c2+ 71. Ka2 b6 72. Kb3 c1=Q 73. Ka2 Qc4+ 74. Kb2 Qb4+ 75. Ka2 Nc3+ 76. Ka1 Qb1# 0-1

[Event "FIDE U16 Olympiad_boards_81-124"]
[Site "Eindhoven, Netherlands"]
[Date "2023.08.14"]
[Round "3.25"]
[White "Olando, Paul Jnr"]
[Black "Tandeka, Shiloh"]
[Result "1/2-1/2"]
[TimeControl "45min+10sec"]
[WhiteElo "1381"]
[BlackElo "1433"]

1. d4 d5 2. Nf3 Nf6 3. e3 c5 4.
b3 Bf5 5. Bb2 e6 6. Bd3 Bxd3 7. Qxd3 Nc6 8. a3 Be7 9. Nbd2 Qc7 10. O-O cxd4 11. exd4 O-O 12. Ne5 Rac8 13. Rac1 Nxe5 14.
dxe5 Nd7 15. f4 Rfd8 16.
b4 a5 17. c3 Nb6 18. Rf3 Nc4 19. Rh3 g6 20. Rc2 b5 21. Bc1 Nxd2 22. Qxd2 axb4 23. axb4 Bxb4 24. Qf2 Be7 25. Re2 d4 26.
Bd2 d3 27. Ree3 Bc5 28. Qh4 f5 29. exf6 Qf7 30. Kf1 Bxe3 31. Rxe3 Rd5 32. g4 Rc4 33. g5 e5 34. Qh3 Rxf4+ 35. Ke1 e4 36. Qc8+ Qf8 37. Qe6+ Qf7 38. Qc8+ Qf8 39.
Qe6+ Qf7 40. Qc8+ Qf8 41. Qe6+ 1/2-1/2

[Event "FIDE U16 Olympiad_boards_81-124"]
[Site "Eindhoven, Netherlands"]
[Date "2023.08.14"]
[Round "3.26"]
[White "Kigundu, Ethan"]
[Black "Kaloki, Hawi"]
[Result "1-0"]
[TimeControl "45min+10sec"]
[WhiteElo "1620"]
[BlackElo "1351"]

1. d4 d5 2. Bf4 c5 3. e3 Nc6 4. c3 Bf5 5. Nd2 e6 6. Ngf3 Bd6 7. Bg3 Nge7 8. Be2 O-O 9. Nh4 Bg6 10.
Nxg6 Nxg6 11. Nf3 Rc8 12. O-O b6 13. Bd3 Bxg3 14. hxg3 Qd6 15. Qd2 Rcd8 16. Rad1 Qc7 17. Bb5 Rfe8 18.
Rfe1 a6 19. Bd3 e5 20. dxe5 b5 21. Bxg6 hxg6 22. Qc2 Nxe5 23. Nxe5 Qxe5 24. Rd3 Rd6 25. Qd2 Red8 26. Rd1 f5 27.
Qe2 d4 28. cxd4 Rxd4 29. Rxd4 Rxd4 30. Rxd4 cxd4 31. f4 Qe4 32. Kf2 d3 33. Qd2 Qc4 34. b3 Qc2 35. Ke1 1-0

[Event "FIDE U16 Olympiad_boards_81-124"]
[Site "Eindhoven, Netherlands"]
[Date "2023.08.14"]
[Round "3.27"]
[White "Kuka, Kyle"]
[Black "Mwase, Mathew"]
[Result "0-1"]
[TimeControl "45min+10sec"]
[WhiteElo "1187"]
[BlackElo "1478"]

1. e4 c5 2. c3 e6 3. d4 Nf6 4. Bd3 Nc6 5. Nf3 cxd4 6. cxd4 d6 7. Nc3 Be7 8. O-O O-O 9. Be3 e5 10.
h3 Re8 11. Rc1 a6 12. Re1 Bf8 13. Qb3 h6 14. d5 Na5 15. Qa3 b6 16. Na4 Rb8 17. Nxb6 Rxb6 18. Rxc8 Qxc8 19. Bxb6 Nc4 20.
Bxc4 Qxc4 21. Nd2 Qb5 22. Ba5 Rc8 23. Bc3 Nh5 24. g3 Kh7 25. Nb3 Nf6 26. Na5 Qb6 27. Kg2 Nd7 28. f4 Nc5 29.
Re2 Qb5 30. Re3 exf4 31. gxf4 Nxe4 32. Rxe4 Qxd5 33. Qb3 Qxe4+ 34. Kf2 Qxf4+ 35. Ke2 Re8+ 36. Kd3 Qe4+ 37. Kd2 Qe2+ 38. Kc1 Qf1+ 39.
Qd1 Qxh3 40. Nc4 Qe6 41. Nd2 Qxa2 42. b3 Rc8 43. Nb1 d5 44. Qf3 Ba3+ 45. Nxa3 Qxa3+ 46. Kd2 Rc7 47. Qxd5 Qa2+ 48.
Kd3 Qb1+ 49. Kd2 Qg6 50. Qd4 f6 51. Qb4 Rd7+ 52. Kc1 Qd3 53. Kb2 Rc7 54. Be1 Qc2+ 55. Ka3 Qc5 56. Ka4 Qxb4+ 57. Bxb4 Rb7 58. Bc3 Rb5 59. b4 h5 60. Be1 g5 61. Bc3 f5 0-1

[Event "FIDE U16 Olympiad_boards_81-124"]
[Site "Eindhoven, Netherlands"]
[Date "2023.08.14"]
[Round "3.28"]
[White "Zuri, Tatiina"]
[Black "Gikandi, Bernice Wambui"]
[Result "0-1"]
[TimeControl "45min+10sec"]
[WhiteElo "1297"]
[BlackElo "1179"]

1. Nf3 d5 2. g3 Nf6 3. Bg2 c6 4. O-O e6 5. d3 Be7 6. Nbd2 O-O 7. e4 b5 8. e5 Nfd7 9. d4 Bb7 10.
c3 a6 11. Ne1 Re8 12. f4 Nf8 13. g4 c5 14. f5 Nbd7 15. Qf3 Qb6 16. Nb3 c4 17. Nd2 Nxe5 18. Qg3 Ned7 19. g5 Bd6 20.
Qf2 e5 21. Kh1 exd4 22. f6 dxc3 23. fxg7 Qxf2 24. gxf8=Q+ Kxf8 25. Rxf2 Rxe1+ 26. Nf1 Bc5 27. Rf5 cxb2 28. Bxb2 Rxa1 29. Bxa1 Nb6 30. Re5 Re8 31.
Rf5 Re1 32. Bf6 Bc8 33. Rf4 Be7 34. Rh4 Kg8 35. Rh6 Bf5 36. Bxe7 Rxe7 37. Rxb6 c3 38. Bxd5 c2 39. Rc6 Re1 40.
Rf6 Rxf1+ 41. Kg2 Rg1+ 42. Kf2 c1=Q 43. Rxf7 Qe1+ 44. Kf3 Rf1+ 45. Kg2 Qf2# 0-1